 Dungeon Sprint DCSS version 0.27-a0-1149-g4505690ab0 (webtiles) character file.

Game seed: 2466184646580161191

7100000 Zeld the Intangible (level 27, -89/223 (224) HPs)
             Began as an Octopode Gladiator on May 13, 2021.
             Was the Champion of Makhleb.
             Annihilated by The Servant
             ... wielding a +9 glaive of flaming
              (133 damage)
             ... in the Dungeon (Sprint VIII: "Arena of Blood").
             The game lasted 00:04:44 (71 turns).

Zeld the Intangible (Octopode Gladiator)              Turns: 71, Time: 00:04:45

HP:   -89/223 (224) AC:  1    Str: 24    XL:     27
MP:   29/54         EV: 27    Int: 12    God:    Makhleb [******]
Gold: 0             SH:  0    Dex: 14    Spells: 80/80 levels left

rFire    . . .     SeeInvis .   i - +∞ Axe of Woe
rCold    . . .     Faith    .   (shield currently unavailable)
rNeg     . . .     Spirit   .   a - +0 hat
rPois    .         Reflect  .   (no amulet)
rElec    .         Harm     .   p - +30 ring of slaying
rCorr    .         Rampage  .   n - +30 ring of slaying
Will     ++...     NoTele   +   b - +30 ring of slaying
Stlth    ++++++++++             j - +30 ring of slaying
HPRegen  0.47/turn              k - +30 ring of slaying
MPRegen  0.34/turn              l - +30 ring of slaying
                                m - +30 ring of slaying
                                o - +30 ring of slaying

@: lightly drained
A: almost no armour, amphibious, 8 rings, camouflage 1, gelatinous body 1,
(nimble swimmer 1), tentacles
a: Renounce Religion, Minor Destruction, Lesser Servant of Makhleb, Major
Destruction, Greater Servant of Makhleb


You were in the Dungeon.
You worshipped Makhleb.
Makhleb was exalted by your worship.
You visited 1 branch

Inventory:

Hand Weapons
 i - the +∞ Axe of Woe (weapon)
   (You found it in the Dungeon)
Armour
 a - a +0 hat (worn)
Jewellery
 b - a +30 ring of slaying (on tentacle)
 j - a +30 ring of slaying (on tentacle)
 k - a +30 ring of slaying (on tentacle)
 l - a +30 ring of slaying (on tentacle)
 m - a +30 ring of slaying (on tentacle)
 n - a +30 ring of slaying (right tentacle)
 o - a +30 ring of slaying (on tentacle)
 p - a +30 ring of slaying (left tentacle)
Scrolls
 h - a scroll of blinking
Potions
 c - a potion of curing
 d - a potion of heal wounds
 e - a potion of haste
 f - 2 potions of magic
 g - a potion of berserk rage


   Skills:
 O Level 27 Fighting
 O Level 27 Short Blades
 O Level 27 Long Blades
 O Level 27 Axes
 O Level 27 Maces & Flails
 O Level 27 Polearms
 O Level 27 Staves
 O Level 27 Slings
 O Level 27 Bows
 O Level 27 Crossbows
 O Level 27 Throwing
 O Level 27 Dodging
 O Level 27 Stealth
 O Level 27 Shields
 O Level 27 Unarmed Combat
 O Level 27 Spellcasting
 * Level 14.6 Conjurations
 * Level 14.6 Hexes
 * Level 14.6 Summonings
 * Level 14.6 Necromancy
 * Level 14.6 Translocations
 * Level 14.6 Transmutations
 * Level 14.6 Fire Magic
 * Level 14.6 Ice Magic
 * Level 14.6 Air Magic
 * Level 14.6 Earth Magic
 * Level 16.9 Poison Magic
 O Level 27 Invocations
 O Level 27 Evocations


You had 80 spell levels left.
You didn't know any spells.
Your spell library was empty.

Dungeon Overview and Level Annotations

Branches:
Dungeon (1/1)

Altars:
Makhleb

Annotations:
D The Servant


Innate Abilities, Weirdness & Mutations

You cannot wear most types of armour.
You are amphibious.
You can wear up to eight rings at the same time.
Your skin changes colour to match your surroundings (Stealth+).
Your rubbery body absorbs attacks. (AC +1, EV +1)
((You are camouflaged near water. (Stealth+)))
You have tentacles for arms and can constrict up to eight enemies at once.


Message History

Your Fire Magic skill increases to level 14!
Your Ice Magic skill increases to level 14!
Your Air Magic skill increases to level 14!
Your Earth Magic skill increases to level 14!
Your Poison Magic skill increases to level 16!
You dice the meat berserker like an onion!!!
You butcher the meat berserker messily.
You kill the meat berserker!
Makhleb accepts your kill.
You feel better.
You cut the bag of meat into ribbons!!!!
You chop the bag of meat into pieces.
You blow up the bag of meat!
Makhleb accepts your kill.
You slice the tentacled monstrosity like a ripe choko!!!!
You fatally mangle the tentacled monstrosity.
You kill the tentacled monstrosity!
You chop the large abomination into pieces!!!
You chop the large abomination into pieces.
You destroy the large abomination!
The meat beast appears out of thin air!
A meat beast comes into view.
You hear a shout! x5
The dread is engulfed in blazing flames.
You hear a shout! x4
An accursed comes into view.
The tyrant casts a spell.
Your Conjurations skill increases to level 14!
Your Necromancy skill increases to level 14!
A demon appears!
The tyrant touches you.
You feel drained.
The destroyer blinks!
You hear a shout!
The dread misses you.
You hear a shout! x2
The tyrant waves its bony arms in wide circles.
The air twists around and strikes you!!
* * * LOW HITPOINT WARNING * * *
The Servant hits you from afar with a +9 glaive of flaming!!!!
Ouch! That really hurt!
You die... o. .. ..... ... #... ..# . #... ..# . ..###... ..###.. ......###2..... ...Mo.○○X...... #@VWXM#

#_2@L_# #XXV).#
......X)_...§...
......L###L.....
..###... ..###..
. #... .O# .
#... .O# .....
... .... ..


You could see 2 accurseds, 2 tentacled monstrosities, a meat beast (fast), 3
tyrants, The Servant, 2 destroyers, a large bag of meat (inner flame), 3 large
abominations, a dread, a meat berserker (berserk), a bag of meat and a friendly
balrug (summoned).

Vanquished Creatures
  4 vampire knights (D)
  20 ogres (D)
  3 two-headed ogres (D)
  2 liches (D)
  32 orcs (D)
61 creatures vanquished.

Notes
Turn   | Place    | Note
-------+----------+-------------------------------------------
     0 | D        | Found the +∞ Axe of Woe
     0 | D        | Zeld the Octopode Gladiator began the quest for the Orb.
     0 | D        | Reached XP level 1. HP: 14/14 MP: 1/1
     2 | D        | Noticed a bag of meat
     4 | D        | Became a worshipper of Makhleb the Destroyer
     5 | D        | Noticed a bag of meat
     5 | D        | Noticed a bag of meat
     8 | D        | Noticed a meat berserker
     8 | D        | Noticed a meat berserker
    10 | D        | Killed a bag of meat
    10 | D        | Noticed a meat berserker
    10 | D        | Noticed a bag of meat
    11 | D        | Reached XP level 2. HP: 19/19 MP: 2/2
    11 | D        | Reached XP level 3. HP: 24/24 MP: 3/3
    11 | D        | Reached XP level 4. HP: 29/29 MP: 4/4
    11 | D        | Reached XP level 5. HP: 34/34 MP: 5/5
    11 | D        | Reached XP level 6. HP: 39/39 MP: 6/6
    11 | D        | Reached XP level 7. HP: 45/45 MP: 7/7
    11 | D        | Reached XP level 8. HP: 50/50 MP: 8/8
    11 | D        | Reached XP level 9. HP: 54/54 MP: 9/9
    11 | D        | Reached XP level 10. HP: 60/60 MP: 10/10
    11 | D        | Reached XP level 11. HP: 64/64 MP: 11/11
    11 | D        | Reached XP level 12. HP: 70/70 MP: 12/12
    11 | D        | Killed a meat berserker
    11 | D        | Reached * piety under Makhleb
    11 | D        | Noticed a bag of meat
    11 | D        | Noticed a bag of meat
    12 | D        | Reached XP level 13. HP: 74/74 MP: 13/13
    12 | D        | Reached XP level 14. HP: 81/81 MP: 14/14
    12 | D        | Noticed a bag of meat
    12 | D        | Killed a meat berserker
    12 | D        | Noticed a bag of meat
    13 | D        | Reached skill level 27 in Dodging
    13 | D        | Reached XP level 15. HP: 85/85 MP: 15/15
    14 | D        | Killed a meat berserker
    14 | D        | Reached ** piety under Makhleb
    15 | D        | Reached skill level 27 in Axes
    15 | D        | Reached XP level 16. HP: 138/138 MP: 16/16
    15 | D        | Noticed a large bag of meat
    16 | D        | Noticed a meat berserker
    19 | D        | Noticed a meat berserker
    20 | D        | Reached *** piety under Makhleb
    21 | D        | Reached skill level 27 in Fighting
    21 | D        | Reached XP level 17. HP: 156/156 MP: 17/17
    21 | D        | Reached XP level 18. HP: 163/163 MP: 18/18
    22 | D        | Killed a meat berserker
    22 | D        | Reached **** piety under Makhleb
    23 | D        | Reached skill level 27 in Maces & Flails
    23 | D        | Killed a large bag of meat
    24 | D        | Reached XP level 19. HP: 122/170 MP: 19/19
    24 | D        | Noticed a meat berserker
    25 | D        | Killed a meat berserker
    25 | D        | Reached ***** piety under Makhleb
    26 | D        | Reached skill level 27 in Polearms
    27 | D        | Reached XP level 20. HP: 144/177 MP: 20/20
    27 | D        | Noticed a meat berserker
    29 | D        | Killed a meat berserker
    30 | D        | Reached skill level 27 in Staves
    30 | D        | Reached skill level 15 in Unarmed Combat
    30 | D        | Killed a meat berserker
    31 | D        | Reached XP level 21. HP: 183/183 MP: 21/21
    31 | D        | Noticed a destroyer
    31 | D        | Noticed a large bag of meat
    32 | D        | Noticed a meat berserker
    33 | D        | Killed a destroyer
    33 | D        | Noticed a destroyer
    33 | D        | Noticed a destroyer
    34 | D        | Reached skill level 27 in Unarmed Combat
    34 | D        | Reached XP level 22. HP: 190/190 MP: 22/22
    35 | D        | Killed a large bag of meat
    36 | D        | Reached skill level 27 in Slings
    36 | D        | Killed a destroyer
    37 | D        | Noticed a destroyer
    38 | D        | Reached ****** piety under Makhleb
    38 | D        | Killed a destroyer
    39 | D        | Reached skill level 27 in Throwing
    39 | D        | Reached XP level 23. HP: 197/197 MP: 22/53
    39 | D        | Noticed a large bag of meat
    40 | D        | Killed a destroyer
    41 | D        | Reached skill level 27 in Spellcasting
    41 | D        | Reached skill level 27 in Invocations
    41 | D        | Reached XP level 24. HP: 204/204 MP: 22/54
    43 | D        | Reached skill level 27 in Stealth
    43 | D        | Noticed a destroyer
    45 | D        | Reached XP level 25. HP: 210/210 MP: 23/54
    46 | D        | Reached skill level 15 in Evocations
    48 | D        | Reached skill level 15 in Short Blades
    48 | D        | Reached skill level 15 in Long Blades
    48 | D        | Reached skill level 15 in Bows
    48 | D        | Reached skill level 15 in Crossbows
    48 | D        | Reached skill level 15 in Shields
    49 | D        | Killed a large bag of meat
    50 | D        | Reached XP level 26. HP: 196/217 MP: 24/54
    51 | D        | Noticed a tyrant
    52 | D        | Noticed a tyrant
    55 | D        | Reached XP level 27. HP: 224/224 MP: 26/54
    56 | D        | Noticed a tyrant
    58 | D        | Noticed a large bag of meat
    58 | D        | Noticed a tyrant
    60 | D        | Noticed a dread
    61 | D        | Reached skill level 27 in Evocations
    62 | D        | Reached skill level 27 in Short Blades
    62 | D        | Reached skill level 27 in Long Blades
    62 | D        | Reached skill level 27 in Bows
    62 | D        | Reached skill level 27 in Crossbows
    62 | D        | Reached skill level 27 in Shields
    62 | D        | Noticed a destroyer
    64 | D        | Reached skill level 10 in Poison Magic
    64 | D        | Killed a tyrant
    64 | D        | Noticed a tyrant
    66 | D        | Noticed The Servant
    67 | D        | Noticed a destroyer
    67 | D        | Noticed an accursed
    68 | D        | Killed a tyrant
    69 | D        | Reached skill level 15 in Poison Magic
    70 | D        | Noticed an accursed
    71 | D        | Noticed a meat beast
    71 | D        | Annihilated by The Servant

Illustrated notes

Levels and vault maps discovered:
D:        meatsprint

Skill      XL: |  1  2  3  4  5  6  7  8  9 10 11 12 13 14 15 16 17 18 19 20 21 22 23 24 25 26 27 |
---------------+----------------------------------------------------------------------------------+-----
Axes           | 19 24 26 27 | 27.0
Dodging        | 19 24 27 | 27.0
Fighting       | 22 27 | 27.0
Maces & Flails | 23 27 | 27.0
Polearms       | 26 27 | 27.0
Staves         | 22 27 | 27.0
Unarmed Combat | 25 27 | 27.0
Slings         | 23 27 | 27.0
Throwing       | 27 | 27.0
Spellcasting   | 26 27 | 27.0
Invocations    | 27 | 27.0
Stealth        | 13 27 | 27.0
Short Blades   | 12 18 23 27 | 27.0
Long Blades    | 12 18 23 27 | 27.0
Bows           | 12 18 23 27 | 27.0
Crossbows      | 12 18 23 27 | 27.0
Shields        | 12 18 23 27 | 27.0
Evocations     | 13 19 24 27 | 27.0
Conjurations   | 14 | 14.6
Hexes          | 14 | 14.6
Summonings     | 14 | 14.6
Necromancy     | 14 | 14.6
Translocations | 14 | 14.6
Transmutations | 14 | 14.6
Fire Magic     | 14 | 14.6
Ice Magic      | 14 | 14.6
Air Magic      | 14 | 14.6
Earth Magic    | 14 | 14.6
Poison Magic   | 16 | 16.9

Action                   |  1- 3 |  4- 6 |  7- 9 | 10-12 | 13-15 | 16-18 | 19-21 | 22-24 | 25-27 || total
-------------------------+-------+-------+-------+-------+-------+-------+-------+-------+-------++-------
Melee: Executioner's axe |     1 |       |       |     1 |     2 |     4 |     5 |     6 |    15 ||    34
Invok: Greater Servant o |       |       |       |       |       |       |       |     1 |     2 ||     3
Dodge: Dodged            |       |       |       |       |     1 |       |       |     1 |     2 ||     4

Table legend: (Time is in decaauts)
 A = Elapsed time spent in this place.
 B = Non-inter-level travel time spent in this place.
 C = Inter-level travel time spent in this place.
 D = Time resting spent in this place.
 E = Time spent auto-exploring this place.
 F = Levels seen in this place.
 G = Mean time per level.
                   A        B        C        D        E       F      G
               +--------+--------+--------+--------+--------+-----+--------+
         Total |     58 |     58 |      0 |      0 |      0 |   1 |   58.0 |
       Dungeon |     58 |     58 |      0 |      0 |      0 |   1 |   58.0 |
               +--------+--------+--------+--------+--------+-----+--------+

Top non-repeatable levels by time:
       D: 58 daAuts
